 Dungeon Crawl Stone Soup version 0.31-a0-7-g51783674b7 (webtiles) character file.

Game seed: 17461935468126393922

3299 lunkers the Arsonist (level 10, -4/69 HPs)
             Began as a Meteoran Fire Elementalist on May 4, 2023.
             Was a Believer of Ashenzari.
             Succumbed to a red devil's poison
             ... on level 10 of the Dungeon on May 5, 2023.
             The game lasted 00:18:44 (3883 turns).

lunkers the Arsonist (Meteoran Fire Elementalist)   Turns: 3883, Time: 00:18:45

Health: -4/69      AC: 14    Str:  4    XL:     10   Next: 44%
Magic:  10/24      EV: 12    Int: 22    God:    Ashenzari [**....]
Gold:   394        SH:  5    Dex: 20    Spells: 6/27 levels left

rFire   . . .        g - +3 whip of the Distant Cynicism {protect, Fort, Bglg} (curse)
rCold   + + .        (no shield)
rNeg    . . .        w - +5 leather armour "Pudeareh" {Str-5 Dex+5}
rPois   .            k - +0 helmet "Comet of the Bound Sage" {Range, Comp} (curse)
rElec   .            v - +0 cloak {Stlth+}
rCorr   .            n - +0 pair of gloves
SInv    +            y - +2 pair of boots of Supernal Knowledge {rC++, Fort, Self} (curse)
Will    +....        d - amulet of Ouranomancy {Reflect SH+5, Melee, Fort} (curse)
Stlth   +            (no ring)
HPRegen 0.31/turn    (no ring)
MPRegen 0.19/turn

%: reflection
@: lethally poisoned (-4 -> -24), spiked, glowing
A: sense surroundings 2, otherworldly, glowing, explore regen
a: Renounce Religion, Shatter the Chains


You were on level 10 of the Dungeon.
You worshipped Ashenzari.
Ashenzari was pleased with you.
You visited 2 branches of the dungeon, and saw 11 of its levels.

You collected 394 gold pieces.

Inventory:

Hand Weapons
 g - the cursed +3 whip of the Distant Cynicism (weapon) {protect, Fort, Bglg}
   (You found it on level 1 of the Dungeon)

   It has a curse which improves the following skills: Fortitude: Armour and
   Shields.
   Beguiling: Conjurations, Hexes and Translocations.
 r - a +4 flail
Armour
 k - the cursed +0 helmet "Comet of the Bound Sage" (worn) {Range, Comp}
   (You found it on level 1 of the Dungeon)

   It has a curse which improves the following skills: Ranged Combat: Ranged
   Weapons and Throwing.
   Companions: Summonings and Necromancy.
 n - a +0 pair of gloves (worn)
 v - a +0 cloak of stealth (worn)
 w - the +5 leather armour "Pudeareh" (worn) {Str-5 Dex+5}
   (You found it on level 8 of the Dungeon)

   Str:       It affects your strength (-5).
   Dex:       It affects your dexterity (+5).
 y - the cursed +2 pair of boots of Supernal Knowledge (worn) {rC++, Fort, Self}
   (You found it on level 9 of the Dungeon)

   rC:        It greatly protects you from cold.
   It has a curse which improves the following skills: Fortitude: Armour and
   Shields.
   Introspection: Fighting and Spellcasting.
Magical Staves
 z - a staff of fire
Jewellery
 d - the cursed amulet of Ouranomancy (around neck) {Reflect SH+5, Melee, Fort}
   (You found it on level 5 of the Dungeon)

   [amulet of reflection]

   It reflects blocked missile attacks.
   SH:        It affects your SH (+5).
   It has a curse which improves the following skills: Melee Combat: Short
   Blades, Long Blades, Axes, Maces & Flails, Polearms, Staves and Unarmed
   Combat.
   Fortitude: Armour and Shields.
Wands
 e - a wand of charming (12)
 p - a wand of roots (7)
Scrolls
 c - a scroll of enchant armour
 j - 3 scrolls of magic mapping
 t - 2 scrolls of silence
Potions
 a - a potion of might
 b - a potion of magic
 h - 2 potions of resistance
 i - 2 potions of brilliance
 l - a potion of flight
 o - 2 potions of heal wounds
 q - 2 potions of invisibility
 s - 2 potions of attraction
 u - a potion of ambrosia
 x - a potion of haste


   Skills:
 - Level 2.4 Dodging
 - Level 1.4 Stealth
 + Level 8.1(9.3) Spellcasting
 + Level 7.7(8.9) Conjurations
 * Level 11.5 Fire Magic
 * Level 5.6 Air Magic


You had 6 spell levels left.
You knew the following spells:

 Your Spells              Type           Power      Damage    Failure   Level
a - Foxfire               Conj/Fire      100%       2x1d9     1%          1
b - Scorch                Fire           100%       2d9       1%          2
c - Volatile Blastmotes   Fire/Tloc      70%        2d15      3%          3
d - Flame Wave            Conj/Fire      53%        2d13      1%          4
e - Plasma Beam           Fire/Air       24%        2x1d39    45%         6
f - Fireball              Conj/Fire      26%        3d12      4%          5

Your spell library contained the following spells:

 Spells                   Type           Power      Damage    Failure   Level
 Magic Dart               Conj           100%       1d8       1%          1
 Searing Ray              Conj           98%        2d8       1%          2
 Static Discharge         Conj/Air       84%        2-6/arc   1%          2
 Inner Flame              Hex/Fire       35%        N/A       3%          3
 Mephitic Cloud           Conj/Pois/Air  31%        N/A       4%          3
 Poisonous Vapours        Pois/Air       44%        N/A       5%          2
 Cigotuvi's Dreadful Rot  Necr/Pois/Air  36%        N/A       8%          2
 Sublimation of Blood     Necr           10%        N/A       17%         2
 Fulminant Prism          Conj/Hex       15%        3d10      19%         4
 Starburst                Conj/Fire      26%        6d8       26%         6
 Freezing Cloud           Conj/Ice/Air   15%        6-21      41%         5
 Irradiate                Conj/Tmut      14%        3d16      45%         5
 Dispel Undead            Necr           10%        3d9       73%         4
 Petrify                  Tmut/Erth      10%        N/A       75%         4
 Death Channel            Necr           5%         N/A       100%        6
 Summon Cactus Giant      Summ           5%         N/A       100%        6
 Maxwell's Capacitive Co  Air            17%        ∞         100%        8


Dungeon Overview and Level Annotations

Branches:
Dungeon (10/15) Zot: 2398  Temple (1/1) D:5 Zot: 265
   Lair: D:8-11         Orc: D:9-12

Altars:
Ashenzari
Dithmenos
Elyvilon
Fedhas
Kikubaaqudgha
Makhleb
Okawaru
Qazlal
Ru
Uskayaw
Vehumet
Wu Jian
Yredelemnul

Shops:
D:2 [   D:6 (   D:7 (

Annotations:
D:8 5 runed translucent doors
D:9 exclusion: statue
D:10 exclusion: obsidian statue


Innate Abilities, Weirdness & Mutations

You passively map the area around you.
You are easily found by Zot.
You glow in the dark.
You regain HP and MP as you explore.


Message History

The red devil hits you from afar with a +2 trident of venom.
* * * LOW HITPOINT WARNING * * *
Barbed spikes become lodged in your body.
You are lethally poisoned!
The crimson imp shouts, "Take thy face hence, thou gleeking fat-kidneyed cross-patch!"
The crimson imp closely misses you.
A two-headed ogre comes into view.
It is wielding a +0 giant spiked club and a +0 giant club.
You feel better.
The two-headed ogre shouts in stereo!
The red devil hits you from afar with a +2 trident of venom!
* * * LOW HITPOINT WARNING * * *
Barbed spikes become lodged in your body.
You are poisoned.
The crimson imp completely misses you.
An orc priest comes into view. It is wielding a +0 short sword.
An orc warrior comes into view. It is wielding a +0 flail.
The crimson imp barely misses you.
Okay, then.
The barbs in your skin will harm you if you move.
Continue? [Y]es or [N]o only, please.
The barbs in your skin will harm you if you move.
Continue?
Okay, then.
You feel sick.
The red devil hits you but does no damage.
You are lethally poisoned!
The crimson imp hits you but does no damage.
An orc comes into view. It is wielding a +0 mace.
You block the crimson imp's attack.
* * * LOW HITPOINT WARNING * * *
You feel very sick. You block the iron imp's attack.
You block the red devil's attack.
The crimson imp blinks!
The crimson imp hits you but does no damage.
* * * LOW HITPOINT WARNING * * *
You feel very sick. The iron imp closely misses you.
The red devil hits you but does no damage.
You are more poisoned.
The crimson imp hits you but does no damage.
You die...

,,,*....|...#
#..##..#.... ,
.......###..##..#...#
* , ,
#........##..#...#, *
#§§§§....##..#...#, ,
, *
#§§§###......#...#, ,
* .,, #§§§#
#..##..#...# *
,..o###§4§#
#..##.†#...# ,
#..o.55§#
#..##.†....#, , *,
#.o..O@.#
#..##.###..#. ,*
#...5§..# #..##.#
#..#. , * #.###...#
#..##.# #.... ,* * #.
#...# #..##.# #.... *
#...# #..##.# #.### ,
#...# #..##.# #.# * *
* #...# #..##.# #.# *
* #...# #..##.###.# *
*, ,,, * ..
#..##.....#


You could see a two-headed ogre, a red devil (summoned), an orc warrior, an iron
imp (summoned), an orc priest and 2 crimson imps.

Vanquished Creatures
  A troll (D:9)
  5 yaks
  A vampire mosquito (D:9)
  An acid dragon (D:9)
  A water moccasin (D:6)
  2 orc warriors (D:9)
  3 ice beasts (D:6)
  2 black bears
  A sky beast (D:7)
  2 centaurs
  A phantom (D:7)
  A kobold brigand (D:7)
  2 bullfrogs
  A scorpion (D:4)
  A crimson imp (D:7)
  2 howler monkeys (D:8)
  A hound (D:6)
  A jelly (D:5)
  2 orc priests (D:6)
  3 iguanas
  3 sleepcaps
  9 orc wizards
  4 gnolls (D:3)
  2 adders
  2 shadow imps
  2 white imps
  An ufetubus (D:7)
  A dart slug (D:4)
  23 orcs
  3 bats
  5 endoplasms
  A giant cockroach (D:3)
  6 goblins (D:4)
  6 hobgoblins
  4 kobolds
  2 quokkas
  4 ball pythons
  A frilled lizard (D:3)
  A rat (D:2)
114 creatures vanquished.

Vanquished Creatures (others)
  60 foxfires
60 creatures vanquished.

Grand Total: 174 creatures vanquished

Notes
Turn   | Place    | Note
-------+----------+-------------------------------------------
     0 | D:1      | lunkers the Meteoran Fire Elementalist began the quest for
                  | the Orb.
     0 | D:1      | Reached XP level 1. HP: 14/14 MP: 5/5
   215 | D:1      | Reached XP level 2. HP: 20/20 MP: 3/6
   218 | D:1      | Learned a level 2 spell: Scorch
   424 | D:1      | Reached skill level 4 in Fire Magic
   500 | D:1      | Glimpsed the power of Zot.
   506 | D:2      | Reached XP level 3. HP: 26/26 MP: 0/8
   550 | D:2      | Found Otupaehi's Antique Armour Shop.
   948 | D:3      | Reached XP level 4. HP: 20/33 MP: 0/10
  1116 | D:3      | Reached skill level 5 in Fire Magic
  1286 | D:4      | Got Biatsosm's Tractate on Gusts
  1310 | D:4      | Noticed a black bear
  1335 | D:4      | Reached XP level 5. HP: 36/38 MP: 9/11
  1341 | D:4      | Killed a black bear
  1342 | D:4      | Reached XP level 6. HP: 35/45 MP: 3/13
  1437 | D:4      | Learned a level 4 spell: Flame Wave
  1441 | D:4      | Learned a level 3 spell: Volatile Blastmotes
  1461 | D:4      | Reached skill level 6 in Fire Magic
  1475 | D:5      | Entered Level 5 of the Dungeon
  1480 | D:5      | Found a staircase to the Ecumenical Temple.
  1494 | Temple   | Entered the Ecumenical Temple
  1719 | Temple   | Became a worshipper of Ashenzari the Shackled
  1958 | D:6      | Reached XP level 7. HP: 35/50 MP: 8/14
  1988 | D:6      | Reached skill level 5 in Spellcasting
  1988 | D:6      | Reached skill level 7 in Fire Magic
  2040 | D:6      | Found Kahist's Weapon Emporium.
  2043 | D:6      | Reached XP level 8. HP: 40/57 MP: 11/17
  2103 | D:6      | Reached skill level 5 in Conjurations
  2103 | D:6      | Reached skill level 8 in Fire Magic
  2193 | D:6      | Found an ancient bone altar of Kikubaaqudgha.
  2404 | D:7      | Found Sauzxiki's Weapon Emporium.
  2653 | D:7      | Reached skill level 9 in Fire Magic
  2653 | D:7      | Gained mutation: You passively map the area around you.
                  | [Meteoran growth]
  2653 | D:7      | Reached XP level 9. HP: 62/62 MP: 14/19
  2672 | D:7      | Found a shadowy altar of Dithmenos.
  2738 | D:7      | Found a burning altar of Makhleb.
  2782 | D:7      | Reached * piety under Ashenzari
  2936 | D:7      | Identified the +5 scale mail of Sagacaih {*Corrode rElec
                  | rN+++ Dex+3 Stlth+}
  3258 | D:8      | Identified the +5 leather armour "Pudeareh" {Str-5 Dex+5}
  3299 | D:8      | Learned a level 6 spell: Plasma Beam
  3305 | D:8      | Learned a level 5 spell: Fireball
  3334 | D:8      | Reached skill level 10 in Fire Magic
  3336 | D:8      | Reached skill level 1 in Air Magic
  3370 | D:8      | Found the +9 staff of Olgreb {rPois∞}
  3377 | D:8      | Found a runed translucent gate.
  3377 | D:8      | Found a runed translucent gate.
  3378 | D:8      | Found a runed translucent door.
  3388 | D:8      | Found a runed translucent gate.
  3391 | D:8      | Found a runed translucent door.
  3542 | D:9      | Found a radiant altar of Vehumet.
  3545 | D:9      | Reached ** piety under Ashenzari
  3575 | D:9      | Noticed a troll
  3585 | D:9      | Killed a troll
  3586 | D:9      | Reached XP level 10. HP: 42/69 MP: 5/22
  3588 | D:9      | Upgraded the game from 0.31-a0-4-gefa6de2278 to
                  | 0.31-a0-7-g51783674b7
  3672 | D:9      | Identified the +2 pair of boots of Subjectivity {rC++}
  3817 | D:9      | Reached skill level 11 in Fire Magic
  3824 | D:10     | Entered Level 10 of the Dungeon
  3848 | D:10     | Reached skill level 5 in Air Magic
  3860 | D:10     | Noticed an obsidian statue
  3866 | D:10     | Noticed an ice devil
  3879 | D:10     | Noticed a two-headed ogre
  3882 | D:10     | HP: 1/69 [poisoned by a red devil]
  3883 | D:10     | Succumbed to a red devil's poison

Illustrated notes

Levels and vault maps discovered:
D:1:      psy_arrival_fountain, layout_basic, serial_shops, shop
D:2:      layout_basic, serial_shops, nicolae_shop_behind_doors
D:3:      layout_loops_ring
D:4:      kennysheep_the_goblin_king, layout_basic, lemuel_blue_sif_altar
D:5:      layout_loops_ring, chequers_temple_overflow_statue_of_worship,
          minmay_temple_entry_offerings, wad_floor_pattern_2
D:6:      layout_loops_cross, kennysheep_mini_moat, serial_shops,
          kennysheep_little_box
D:7:      layout_basic, grunt_dithmenos_shadows, makhleb_grotto_becter,
          serial_shops, nicolae_shop_waterfront, minmay_statues_item,
          corexii_item_surrounded_by_moat
D:8:      layout_layer_cave, mainiacjoe_overflow_six_doors_small,
          lemuel_coloured_pillars_altar, minmay_guarded_unrand_staff_of_olgreb,
          uniq_joseph, uniq_prince_ribbit1
D:9:      layout_basic, nemelex_spade_bored_becter, vehumet_statue,
          serial_shops, shop, nicolae_diamond_shop, st_stairs_5,
          minmay_diced_spiral
D:10:     layout_long_grid, nicolae_gozag_cash_rules_everything_around_me,
          nicolae_hepliaklqana_hazy_memory, minmay_protected_statue
Temple:   jpeg_temple_island

Skill      XL: |  1  2  3  4  5  6  7  8  9 10 |
---------------+-------------------------------+-----
Fire Magic     | 4 5 6 7 9 10 11 | 11.5
Spellcasting   | 3 4 5 6 7 8 |  8.1
Conjurations   | 2 3 4 5 7 |  7.7
Air Magic      | 4 5 |  5.6
Dodging        | |  2.4
Stealth        | |  1.4

Action                     |  1- 3 |  4- 6 |  7- 9 | 10-12 || total
---------------------------+-------+-------+-------+-------++-------
  Melee: Whip              |     2 |     5 |    44 |       ||    51
   Cast: Foxfire           |    14 |    20 |       |       ||    34
         Scorch            |    15 |    22 |    84 |     3 ||   124
         Flame Wave        |       |       |     6 |     8 ||    14
         Volatile Blastmot |       |       |     2 |       ||     2
 Invoke: Curse Item        |       |       |     3 |     1 ||     4
    Use: Scroll            |       |    10 |     4 |     1 ||    15
         Potion            |       |       |       |     1 ||     1
 Armour: Robe              |     3 |    11 |    20 |       ||    34
         Leather armour    |       |       |    20 |    18 ||    38
  Dodge: Dodged            |     4 |    11 |    45 |    19 ||    79
  Block: Other             |       |       |    18 |    18 ||    36
         Reflection        |       |       |     2 |     1 ||     3

Table legend: (Time is in decaauts)
 A = Elapsed time spent in this place.
 B = Non-inter-level travel time spent in this place.
 C = Inter-level travel time spent in this place.
 D = Time resting spent in this place.
 E = Time spent auto-exploring this place.
 F = Levels seen in this place.
 G = Mean time per level.
                   A        B        C        D        E       F      G
               +--------+--------+--------+--------+--------+-----+--------+
         Total |   3936 |   3804 |    132 |      0 |   2695 |  11 |  357.8 |
       Dungeon |   3602 |   3554 |     48 |      0 |   2464 |  10 |  360.2 |
        Temple |    334 |    251 |     83 |      0 |    231 |   1 |  334.0 |
               +--------+--------+--------+--------+--------+-----+--------+

Top non-repeatable levels by time:
     D:7: 713 daAuts
     D:1: 501 daAuts
     D:3: 496 daAuts
     D:6: 481 daAuts
     D:8: 382 daAuts
     D:9: 339 daAuts
  Temple: 334 daAuts
     D:4: 262 daAuts
     D:2: 213 daAuts
     D:5: 151 daAuts
    D:10: 58 daAuts
